 Dungeon Crawl Stone Soup version 0.27-a0-40-g5f2be0e231 (webtiles) character file.

Game seed: 16760423088324767522

627 Dirian the Slasher (level 7, -5/61 HPs)
             Began as a Minotaur Fighter on Jan 5, 2021.
             Was a Believer of Cheibriados.
             Slain by Duvessa
             ... wielding a +2 short sword of flaming
              (8 damage)
             ... on level 5 of the Dungeon.
             The game lasted 00:06:07 (4198 turns).

Dirian the Slasher (Minotaur Fighter)               Turns: 4198, Time: 00:06:08

Health: -5/61      AC: 11    Str: 24    XL:     7   Next: 23%
Magic:  3/6        EV:  7    Int:  9    God:    Cheibriados [**....]
Gold:   303        SH: 12    Dex: 16    Spells: 6/6 levels left

rFire    . . .     SeeInvis .   a - +1 long sword
rCold    . . .     Faith    .   c - +1 kite shield
rNeg     . . .     Spirit   .   e - +0 chain mail
rPois    +         Reflect  .   (helmet restricted)
rElec    .         Harm     .   (no cloak)
rCorr    .         Rampage  .   (no gloves)
Will     .....                  o - +0 pair of boots
Stlth    ..........             (no amulet)
HPRegen  0.20/turn              m - ring of poison resistance
MPRegen  0.10/turn              (no ring)

@: mighty, very slow
A: retaliatory headbutt, horns 2
a: Renounce Religion, Bend Time


You were on level 5 of the Dungeon.
You worshipped Cheibriados.
Cheibriados was pleased with you.
You visited 1 branch of the dungeon, and saw 5 of its levels.

You collected 303 gold pieces.

Inventory:

Hand Weapons
 a - a +1 long sword (weapon)
Armour
 c - a +1 kite shield (worn)
 e - a +0 chain mail (worn)
 o - a +0 pair of boots (worn)
Jewellery
 m - a ring of poison resistance (left hand)
Wands
 b - a wand of paralysis (8)
 i - a wand of polymorph (7)
Scrolls
 f - a scroll of brand weapon {unknown}
 g - a scroll of teleportation {unknown}
 p - a scroll of fog
 x - 3 scrolls of remove curse
Potions
 j - a potion of invisibility
 n - a potion of resistance
 q - 2 potions of curing
 s - 2 potions of flight


   Skills:
 + Level 5.3 Fighting
 + Level 6.6 Long Blades
 + Level 5.4 Armour
 + Level 1.6 Dodging
 - Level 5.0 Shields


You had 6 spell levels left.
You didn't know any spells.
Your spell library contained the following spells:

 Spells                   Type           Power        Failure   Level
 Magic Dart               Conj           0%           100%        1
 Blink                    Tloc           N/A          100%        2
 Call Imp                 Summ           0%           100%        2
 Slow                     Hex            0%           100%        2
 Conjure Flame            Conj/Fire      0%           100%        3
 Mephitic Cloud           Conj/Pois/Air  0%           100%        3


Dungeon Overview and Level Annotations

Branches:
Dungeon (5/15)
 Temple: D:4-7

Altars:
Cheibriados
Ru

Annotations:
D:5 2 transporters, Duvessa


Innate Abilities, Weirdness & Mutations

You reflexively headbutt those who attack you in melee.
You have a pair of horns on your head.


Message History

You closely miss Duvessa. You headbutt Duvessa!
Duvessa is moderately wounded.
You block Duvessa's attack.
You slash Duvessa! Your headbutt misses Duvessa.
Duvessa is heavily wounded.
Duvessa hits you with a +2 short sword of flaming.
* * * LOW HITPOINT WARNING * * *
Duvessa burns you.
* * * LOW HITPOINT WARNING * * *
Duvessa hits you with a +2 short sword of flaming!
* * * LOW HITPOINT WARNING * * *
Duvessa burns you.
* * * LOW HITPOINT WARNING * * *
You hit Duvessa. You headbutt Duvessa!
Duvessa is severely wounded.
You block Duvessa's attack.
You slash Duvessa!
Duvessa is almost dead.
Duvessa hits you with a +2 short sword of flaming!
You die...

#..#P.$.P#.##.#
#..#8.©.8#[##.#
...#######....#
#.....©....##.#
.###...#####.######
##.## #......# #.#
######## #.#####
#...@e#
..........).....#
#.#####.##.####.#
#.# ... #.# ####
#.# #.# ..#


You could see Duvessa (berserk, slow).

Vanquished Creatures
  A phantom (D:5)
  A bullfrog (D:4)
  Dowan (D:5)
  An orc priest (D:4)
  2 centaur skeletons
  A hound (D:5)
  An iguana (D:5)
  An orc wizard (D:4)
  3 worker ants
  7 adders
  A shadow imp (D:5)
  2 oozes
  An adder skeleton (D:4)
  3 worms
  A dart slug (D:1)
  4 leopard geckos
  10 orcs
  A ball python (D:4)
  7 bats
  2 giant cockroaches
  10 goblins
  6 hobgoblins
  5 jackals
  A quokka (D:4)
  A ball python skeleton (D:4)
  4 frilled lizards
  4 kobolds
  2 leopard gecko skeletons
  8 rats
92 creatures vanquished.

Notes
Turn   | Place    | Note
-------+----------+-------------------------------------------
     0 | D:1      | Dirian the Minotaur Fighter began the quest for the Orb.
     0 | D:1      | Reached XP level 1. HP: 19/19 MP: 0/0
   208 | D:1      | Reached XP level 2. HP: 27/27 MP: 1/1
   713 | D:2      | Reached XP level 3. HP: 19/33 MP: 2/2
   964 | D:2      | Reached skill level 3 in Long Blades
  1954 | D:3      | Reached XP level 4. HP: 40/40 MP: 3/3
  2452 | D:3      | Found a faded altar of an unknown god.
  2989 | D:3      | Became a worshipper of Cheibriados the Contemplative
  2989 | D:3      | Reached * piety under Cheibriados
  3121 | D:4      | Reached skill level 4 in Long Blades
  3242 | D:4      | Reached XP level 5. HP: 47/47 MP: 4/4
  3249 | D:4      | Reached skill level 1 in Dodging
  3446 | D:4      | Reached skill level 5 in Long Blades
  3446 | D:4      | Reached XP level 6. HP: 54/55 MP: 5/5
  3741 | D:5      | Entered Level 5 of the Dungeon
  3750 | D:5      | Reached ** piety under Cheibriados
  3763 | D:5      | Reached skill level 5 in Shields
  3808 | D:5      | Reached skill level 5 in Fighting
  3808 | D:5      | Reached skill level 5 in Armour
  3999 | D:5      | Reached skill level 6 in Long Blades
  4017 | D:5      | Found a transporter.
  4075 | D:5      | Reached XP level 7. HP: 59/61 MP: 6/6
  4087 | D:5      | Found a sacrificial altar of Ru.
  4158 | D:5      | Found a transporter.
  4182 | D:5      | Noticed Dowan
  4183 | D:5      | Noticed Duvessa
  4188 | D:5      | Killed Dowan
  4192 | D:5      | HP: 3/61 [Duvessa/+2 short sword of flaming (2)]
  4198 | D:5      | Slain by Duvessa

Illustrated notes

Levels and vault maps discovered:
D:1:      heliophobic_arrival_battle_scene, layout_loops_ring
D:2:      layout_loops_ring
D:3:      layout_loops_corners, chequers_ecumenical_altar_simple_redux,
          serial_bayou_pond_d
D:4:      layout_loops_ring
D:5:      gammafunk_steamed_eel, layout_loops_ring,
          minmay_temple_entry_enclosed_plants, basic_altar,
          uniq_crazy_yiuf_cottage, uniq_duvessa

Skill      XL: |  1  2  3  4  5  6 |
---------------+-------------------+-----
Fighting       | 4 5 |  5.3
Armour         | 4 5 |  5.4
Shields        | 4 5 |  5.0
Long Blades    | 3 4 5 6 |  6.6
Dodging        | 1 |  1.6

Action                   |  1- 3 |  4- 6 |  7- 9 || total
-------------------------+-------+-------+-------++-------
Melee: Long sword        |    82 |   133 |    15 ||   230
       Headbutt          |     9 |    29 |     6 ||    44
Invok: Bend Time         |       |       |     1 ||     1
  Use: Scroll            |       |    12 |       ||    12
       Potion            |       |       |     2 ||     2
Armor: Scale mail        |    36 |    58 |       ||    94
       Chain mail        |       |       |     3 ||     3
Dodge: Dodged            |    27 |    44 |     4 ||    75
Block: Kite shield       |    35 |    78 |    13 ||   126
       Rpst.: Long sword |     4 |    11 |     1 ||    16

Table legend: (Time is in decaauts)
 A = Elapsed time spent in this place.
 B = Non-inter-level travel time spent in this place.
 C = Inter-level travel time spent in this place.
 D = Time resting spent in this place.
 E = Time spent auto-exploring this place.
 F = Levels seen in this place.
 G = Mean time per level.
                   A        B        C        D        E       F      G
               +--------+--------+--------+--------+--------+-----+--------+
         Total |   4659 |   4504 |    155 |      0 |   3899 |   5 |  931.8 |
       Dungeon |   4659 |   4504 |    155 |      0 |   3899 |   5 |  931.8 |
               +--------+--------+--------+--------+--------+-----+--------+

Top non-repeatable levels by time:
     D:2: 1332 daAuts
     D:3: 1143 daAuts
     D:4: 919 daAuts
     D:5: 648 daAuts
     D:1: 616 daAuts
